 Dungeon Crawl Stone Soup version 0.28.0-53-g5a82cb258f (webtiles) character file.

Game seed: 747131416774915372

30 styxcanada the Sneak (level 3, -4/18 HPs)
             Began as a Spriggan Brigand on June 24, 2022.
             Slain by a worm (10 damage)
             ... on level 2 of the Dungeon.
             The game lasted 00:05:00 (1326 turns).

styxcanada the Sneak (Spriggan Brigand)             Turns: 1326, Time: 00:05:01

Health: -4/18      AC:  3    Str:  7    XL:     3   Next: 5%
Magic:  5/5        EV: 17    Int: 12    God:
Gold:   38         SH:  0    Dex: 18    Spells: 4/4 levels left

rFire   . . .      SeeInvis +   a - +2 dagger
rCold   . . .      Faith    .   (no shield)
rNeg    . . .      Spirit   .   b - +0 robe
rPois   .          Reflect  .   (helmet restricted)
rElec   .          Harm     .   c - +0 cloak
rCorr   .          Rampage  .   (gloves unavailable)
Will    .....                   (boots unavailable)
Stlth   ++++......              (no amulet)
HPRegen 0.06/turn               (no ring)
MPRegen 0.09/turn               (no ring)

@: very quick
A: very small, no large weapons, unfitting armour, see invisible, speed 3
a: no special abilities


You were on level 2 of the Dungeon.
You visited 1 branch of the dungeon, and saw 2 of its levels.

You collected 38 gold pieces.

Inventory:

Hand Weapons
 a - a +2 dagger (weapon)
Missiles
 d - 2 poisoned darts (quivered)
 e - 2 curare-tipped darts
 l - 78 stones
Armour
 b - a +0 robe (worn)
 c - a +0 cloak (worn)
Scrolls
 f - a scroll of fear {unknown}
 k - a scroll of noise {unknown}
Potions
 g - a potion of invisibility {unknown}
 h - a potion of heal wounds {unknown}
 i - a potion of flight {unknown}
 j - 2 potions of lignification {unknown}
 m - a potion of attraction {unknown}


   Skills:
 * Level 1.6 Fighting
 + Level 2.4 Short Blades
 + Level 2.0 Throwing
 * Level 1.9 Dodging
 * Level 6.7 Stealth
 * Level 1.1 Spellcasting


You had 4 spell levels left.
You didn't know any spells.
Your spell library contained the following spells:

 Spells                   Type           Power      Damage    Failure   Level
 Ignite Poison            Fire/Tmut/Pois 0%         N/A       65%         3
 Mephitic Cloud           Conj/Pois/Air  0%         N/A       65%         3
 Freezing Cloud           Conj/Ice/Air   0%         6-21      100%        5


Dungeon Overview and Level Annotations

Branches:
Dungeon (2/15)

Altars:


Innate Abilities, Weirdness & Mutations

You are very small and have problems with some larger weapons.
You are too small for most types of armour.
You have supernaturally acute eyesight. (SInv)
You cover ground extremely quickly. (Speed+++)


Message History

Press: ? - help, Q - select action, (/) - cycle Shift-Dir - straight line, f - worm
Aim: a worm (79% to hit)
You throw a poisoned dart. The poisoned dart hits the worm.
The worm is poisoned.
Throw: 6 darts (poison)
Press: ? - help, Q - select action, (/) - cycle Shift-Dir - straight line, f/p - worm
Aim: a worm (lightly wounded, poisoned, 79% to hit)
You throw a poisoned dart. The poisoned dart hits the worm.
The worm looks even sicker.
The worm is lightly wounded.
Throw: 5 darts (poison)
Press: ? - help, Q - select action, (/) - cycle Shift-Dir - straight line, f/p - worm
Aim: a worm (lightly wounded, very poisoned, 79% to hit)
You throw a poisoned dart. The poisoned dart hits the worm.
The worm looks even sicker.
The worm is lightly wounded.
Throw: 4 darts (poison)
Press: ? - help, Q - select action, (/) - cycle Shift-Dir - straight line, f/p - worm
Aim: a worm (moderately wounded, very poisoned, 79% to hit)
You throw a poisoned dart. The poisoned dart hits the worm.
The worm looks as sick as possible!
The worm is moderately wounded.
Throw: 3 darts (poison)
Press: ? - help, Q - select action, (/) - cycle Shift-Dir - straight line, f/p - worm
Aim: a worm (moderately wounded, extremely poisoned, 79% to hit)
You throw a poisoned dart. The poisoned dart hits the worm.
The worm looks as sick as possible!
The worm is moderately wounded.
You hit the worm but do no damage.
The worm is severely wounded.
You hit the worm.
The worm is severely wounded.
The worm barely misses you.
You hit the worm but do no damage.
The worm is almost dead.
You hit the worm but do no damage.
The worm is almost dead.
The worm bites you!
Ouch! That really hurt!
You die...

..... #.. .. #...# #.# .#
#...# #.####.# #...#
#.##...### #...# #.#......
########...########.#>.#.#
.#...............†.#......#
.............@w)..((()..#
#......)...........###..#
#.#######...###...........#
#...# #....##........ #...#
####.##.#.##### #...#
#.##.#.# #...# #.......
#...# ####.### #...#


You could see a worm (very poisoned).

Vanquished Creatures
  An adder (D:2)
  2 dart slugs (D:1)
  2 bats (D:1)
  An endoplasm (D:1)
  A giant cockroach (D:2)
  A hobgoblin (D:2)
  4 kobolds (D:2)
  2 quokkas (D:1)
  3 rats (D:1)
17 creatures vanquished.

Notes
Turn   | Place    | Note
-------+----------+-------------------------------------------
     0 | D:1      | styxcanada the Spriggan Brigand began the quest for the
                  | Orb.
     0 | D:1      | Reached XP level 1. HP: 10/10 MP: 2/2
    18 | D:1      | Reached skill level 6 in Stealth
   273 | D:1      | Reached XP level 2. HP: 12/15 MP: 3/3
  1263 | D:2      | Reached skill level 1 in Spellcasting
  1263 | D:2      | Reached XP level 3. HP: 3/18 MP: 3/5
  1326 | D:2      | Slain by a worm

Illustrated notes

Levels and vault maps discovered:
D:1:      tarquinn_simple_flora_water_e, layout_basic,
          chequers_serial_rivers_room_b
D:2:      layout_loops_cross

Skill      XL: |  1  2 |
---------------+-------+-----
Stealth        | 6 |  6.7
Spellcasting   | 1 |  1.1
Fighting       | |  1.6
Short Blades   | |  2.4
Throwing       | |  2.0
Dodging        | |  1.9

Action                   || total
-------------------------++-------
Melee: Dagger            ||    62
       Punch             ||     1
Throw: Dart              ||     8
 Stab: Sleeping          ||     7
Armor: Robe              ||     4
Dodge: Dodged            ||    37
